 Dungeon Crawl Stone Soup version 0.28-a0-1387-g3a22ab9bdc (webtiles) character file.

Game seed: 12129603823520616853

456 KyoPewz the Conjurer (level 6, 0/41 (45) HPs)
             Began as a Draconian Hedge Wizard on Jan 2, 2022.
             Slain by a wight (3 damage)
             ... on level 4 of the Dungeon.
             The game lasted 00:31:14 (6544 turns).

KyoPewz the Conjurer (Draconian Hedge Wizard)       Turns: 6544, Time: 00:31:15

HP:   0/41 (45)     AC:  8    Str: 13    XL:     6   Next: 77%
MP:   1/10          EV: 12    Int: 16    God:
Gold: 168           SH:  0    Dex: 10    Spells: 2/11 levels left

rFire   . . .      SeeInvis .   f - +3 dagger (speed) {short}
rCold   . . .      Faith    .   e - orb {guile}
rNeg    . . .      Spirit   .   (armour unavailable)
rPois   .          Reflect  .   b - +2 hat
rElec   .          Harm     .   (no cloak)
rCorr   .          Rampage  .   (no gloves)
Will    .....                   (no boots)
Stlth   ++........              (no amulet)
HPRegen 0.13/turn               (no ring)
MPRegen 0.12/turn               (no ring)

@: drained
A: AC +6, unfitting armour, cold-blooded
a: no special abilities


You were on level 4 of the Dungeon.
You visited 1 branch of the dungeon, and saw 5 of its levels.

You collected 168 gold pieces.


Innate Abilities, Weirdness & Mutations

Your plain brown scales are hard. (AC +6)
You cannot fit into any form of body armour.
You are cold-blooded and may be slowed by cold attacks.


   Skills:
 - Level 1.7 Dodging
 - Level 1.7 Stealth
 - Level 3.0 Spellcasting
 - Level 5.0 Conjurations
 + Level 2.1 Hexes
 + Level 2.6 Summonings
 - Level 2.0 Translocations
 + Level 1.7 Air Magic
 + Level 1.4 Poison Magic


You had 2 spell levels left.
You knew the following spells:

 Your Spells              Type           Power      Damage    Failure   Level
a - Magic Dart            Conj           72%        1d6       2%          1
b - Slow                  Hex            36%        N/A       8%          1
c - Blink                 Tloc           16%        N/A       12%         2
d - Call Imp              Summ           10%        N/A       10%         2
e - Mephitic Cloud        Conj/Pois/Air  11%        N/A       19%         3

Your spell library contained the following spells:

 Spells                   Type           Power      Damage    Failure   Level
 Conjure Flame            Conj/Fire      10%        6-21      21%         3
 Ignite Poison            Fire/Tmut/Pois 3%         N/A       43%         3
 Frozen Ramparts          Ice            4%         1d2       50%         3
 Summon Ice Beast         Ice/Summ       6%         N/A       73%         4
 Ice Form                 Ice/Tmut       2%         N/A       88%         4
 Freezing Cloud           Conj/Ice/Air   4%         6-21      91%         5

Inventory:

Hand Weapons
 f - a +3 dagger of speed (weapon) {short}
   (You took it off a goblin on level 1 of the Dungeon)
 o - a +0 vampiric dagger {short}
   (You took it off a goblin on level 3 of the Dungeon)
 q - a +5 spear {polearm}
   (You took it off a wight on level 3 of the Dungeon)
Missiles
 a - 44 arrows
 j - 168 stones {throwing}
Armour
 b - a +2 hat (worn)
 e - an orb of guile (worn)
   (You found it on level 1 of the Dungeon)
 s - an orb of light
   (You found it on level 4 of the Dungeon)
Scrolls
 h - a scroll of brand weapon {unknown}
 k - a scroll of identify {@r1}
Potions
 c - a potion of invisibility
 d - 2 potions of haste {@q3}
 g - 2 potions of heal wounds {@q2}
 i - 3 potions of might
 r - a potion of brilliance

Dungeon Overview and Level Annotations

Branches:
Dungeon (5/15)
 Temple: D:4-7

Altars:
Elyvilon
Qazlal

#.###########.####### #.#
#.............# #.#
#>.####..####.## #.# #..#
#.........# #.# #..#
#.........### #.# ##..#
#...........#
######.####...###..#####..#.#
#..........#..z##..#####..#.#
##.#.###.#.#...)@).........#.#
.....# #.#.##.####..######.#.#
##.#.###............# ##)#.#
#.#.......).......## ##....#
#.#.#####.##.###### #...<.#
#.#.# #.##.# ##....##
#.#.#####.##.# #.....#
##.........##.# ###.##..#
.....########.## #...ยง...#


You could see a wight.


Message History

The wight freezes you. ๐Ÿ˜ฎ HP[-6]
You take 6 damage, and now have 29/43 hp.
You hit the wight but do no damage. The wight barely misses you.
You hit the wight but do no damage. You tail-slap the wight.
You feel yourself speed up.
You hit the wight but do no damage. The wight hits you but does no damage.
You hit the wight but do no damage.
You tail-slap the wight, but do no damage.
Your crimson imp blinks! ๐Ÿ˜ฎ HP[+1] MP[+1]
You hit the wight but do no damage. The wight misses you.
You closely miss the wight.
The wight is no longer moving slowly.
You barely miss the wight. The wight closely misses you.
You barely miss the wight. The wight barely misses you.
The wight hits your crimson imp with a +2 hand axe of freezing.
The wight freezes your crimson imp.
You hit the wight but do no damage. You closely miss the wight.
You tail-slap the wight, but do no damage.
Your crimson imp hits the wight but does no damage.
The wight hits your crimson imp with a +2 hand axe of freezing.
The wight freezes your crimson imp.
The wight hits you with a +2 hand axe of freezing.
You feel yourself slow down. The wight freezes you. ๐Ÿ˜ฎ HP[-5]
You take 5 damage, and now have 25/43 hp.
You completely miss the wight.
Your crimson imp barely misses the wight.
The wight misses you.
The wight hits your crimson imp with a +2 hand axe of freezing.
The wight freezes your crimson imp.
Your crimson imp dies!
Your crimson imp disappears in a puff of smoke!
You hit the wight but do no damage.
You feel yourself speed up. The wight hits you but does no damage.
You hit the wight.
The wight hits you with a +2 hand axe of freezing!
* * * LOW HITPOINT WARNING * * *
You feel yourself slow down. The wight freezes you.
* * * LOW HITPOINT WARNING * * *
๐Ÿ˜จ HP[-7]
You take 7 damage, and now have 18/43 hp.
Unknown command.
You are too injured to fight recklessly!
Casting: Call Imp (safe; 10% risk of failure)
Confirm with . or Enter, or press ? or * to list all spells.
Aiming: Magic Dart (safe; 2% risk of failure)
Press: ? - help, Shift-Dir - straight line, f/p - wight
Aim: a wight, wielding a +2 hand axe of freezing and wearing a +0 chain mail (severely damaged, 100% to hit)
The magic dart hits the wight but does no damage.
The wight closely misses you.
Casting: Magic Dart (safe; 2% risk of failure)
Confirm with . or Enter, or press ? or * to list all spells.
Aiming: Magic Dart (safe; 2% risk of failure)
Press: ? - help, Shift-Dir - straight line, f/p - wight
Aim: a wight, wielding a +2 hand axe of freezing and wearing a +0 chain mail (severely damaged, 100% to hit)
The magic dart hits the wight but does no damage.
You feel yourself speed up. The wight barely misses you.
The wight hits you with a +2 hand axe of freezing.
* * * LOW HITPOINT WARNING * * *
The wight freezes you.
* * * LOW HITPOINT WARNING * * *
๐Ÿ˜จ HP[-6] MP[-1]
You take 6 damage, and now have 12/43 hp.
You lost 1 mp, and now have 3/10 mp.
Casting: Magic Dart (safe; 2% risk of failure)
Confirm with . or Enter, or press ? or * to list all spells.
Aiming: Magic Dart (safe; 2% risk of failure)
Press: ? - help, Shift-Dir - straight line, f/p - wight
Aim: a wight, wielding a +2 hand axe of freezing and wearing a +0 chain mail (severely damaged, 100% to hit)
The magic dart hits the wight but does no damage.
The wight closely misses you. ๐Ÿ˜จ MP[-1]
You lost 1 mp, and now have 2/10 mp.
Casting: Magic Dart (safe; 2% risk of failure)
Confirm with . or Enter, or press ? or * to list all spells.
Aiming: Magic Dart (safe; 2% risk of failure)
Press: ? - help, Shift-Dir - straight line, f/p - wight
Aim: a wight, wielding a +2 hand axe of freezing and wearing a +0 chain mail (severely damaged, 100% to hit)
The magic dart hits the wight but does no damage.
The wight hits you with a +2 hand axe of freezing!
* * * LOW HITPOINT WARNING * * *
You feel drained.
* * * LOW HITPOINT WARNING * * *
You feel yourself slow down. The wight freezes you.
* * * LOW HITPOINT WARNING * * *
๐Ÿ˜ฑ HP[-10] MP[-1]
You now have 41 max hp (-2).
You take 10 damage, and now have 2/41 hp.
MASSIVE DAMAGE!! (PAUSE)
You lost 1 mp, and now have 1/10 mp.
You feel yourself speed up.
The wight hits you with a +2 hand axe of freezing.
You die...

Skill      XL: |  1  2  3  4  5  6 |
---------------+-------------------+-----
Conjurations   | 2 3 4 5 |  5.0
Hexes          | 1 2 |  2.1
Summonings     | 2 |  2.6
Translocations | 2 |  2.0
Air Magic      | 1 |  1.7
Poison Magic   | 1 |  1.4
Dodging        | |  1.7
Stealth        | |  1.7
Spellcasting   | |  3.0

Action                   |  1- 3 |  4- 6 || total
-------------------------+-------+-------++-------
Melee: Dagger            |    55 |    78 ||   133
       Tailslap          |     4 |     8 ||    12
 Cast: Magic Dart        |    84 |   125 ||   209
       Slow              |     3 |    21 ||    24
       Call Imp          |       |     3 ||     3
       Blink             |       |     1 ||     1
  Use: Potion            |       |     1 ||     1
       Scroll            |       |    10 ||    10
 Stab: Sleeping          |       |     2 ||     2
       Distracted        |       |     1 ||     1
Armor: Skin              |    20 |    17 ||    37
Dodge: Dodged            |    27 |    56 ||    83

Levels and vault maps discovered:
D:1:      scummos_arrival_gate, layout_rooms, serial_bayou, serial_bayou_pond_d,
          serial_bayou_shore_b, serial_bayou_pond_a, serial_bayou_crossing,
          basic_ecumenical_altar, st_stairs_3
D:2:      layout_rooms, kennysheep_donut
D:3:      layout_loops_cross, grunt_qazlal_sundering, lemuel_crystal_altar,
          uniq_jessica
D:4:      layout_loops_ring
D:5:      layout_loops_ring, minmay_temple_entry_mini_moons, uniq_duvessa,
          uniq_ijyb

Notes
Turn   | Place    | Note
-------+----------+-------------------------------------------
     0 | D:1      | KyoPewz the Draconian Hedge Wizard began the quest for the
                  | Orb.
     0 | D:1      | Reached XP level 1. HP: 14/14 MP: 4/4
     0 | D:1      | magus.rc [v1.9.6]
     2 | D:1      | Learned a level 1 spell: Slow
    36 | D:1      | You pick up a book of Rime and begin reading...
    36 | D:1      | You add the spells Frozen Ramparts, Ice Form and Summon Ice
                  | Beast to your library.
   164 | D:1      | Found a faded altar of an unknown god.
   260 | D:1      | Reached skill level 2 in Conjurations
   285 | D:1      | Reached XP level 2. HP: 14/20 MP: 0/6
  1046 | D:1      | Reached skill level 3 in Conjurations
  1049 | D:1      | Learned a level 2 spell: Blink
  1052 | D:1      | Learned a level 2 spell: Call Imp
  1062 | D:1      | Reached XP level 3. HP: 26/26 MP: 3/7
  1991 | D:2      | You pick up a book of Rime and begin reading...
  2056 | D:3      | Noticed Jessica
  2409 | D:3      | You add the spells Ignite Poison and Freezing Cloud to your
                  | library.
  2455 | D:3      | Killed Jessica
  2456 | D:3      | Reached skill level 4 in Conjurations
  2456 | D:3      | Reached XP level 4. HP: 25/33 MP: 2/8
  2870 | D:3      | Found a stormy altar of Qazlal.
  2938 | D:3      | Found a white marble altar of Elyvilon.
  2966 | D:4      | Noticed an ogre
  3242 | D:3      | Reached skill level 5 in Conjurations
  3242 | D:3      | Reached XP level 5. HP: 15/34 MP: 0/9
  3477 | D:3      | HP: 4/31 [wight (9)]
  3873 | D:3      | HP: 5/29 [wight (7)]
  3873 | D:3      | HP: 1/28 [wight (3)]
  4460 | D:4      | Reached skill level 1 in Hexes
  4790 | D:4      | Noticed a phantom
  5413 | D:5      | Entered Level 5 of the Dungeon
  5413 | D:5      | Noticed a phantom
  5439 | D:4      | Learned a level 3 spell: Mephitic Cloud
  5516 | D:4      | Noticed a steam dragon
  5681 | D:4      | HP: 5/34 [phantom (8)]
  5683 | D:4      | HP: 1/34 [phantom (4)]
  5688 | D:4      | Killed a phantom
  5689 | D:4      | Reached skill level 2 in Summonings
  5689 | D:4      | Reached skill level 2 in Translocations
  5689 | D:4      | Reached skill level 1 in Air Magic
  5689 | D:4      | Reached XP level 6. HP: 38/45 MP: 5/10
  5936 | D:4      | Reached skill level 2 in Hexes
  5936 | D:4      | Reached skill level 1 in Poison Magic
  6542 | D:4      | HP: 4/43 [wight (8)]
  6544 | D:4      | Slain by a wight

Vanquished Creatures
  An ogre (D:4)
  A phantom (D:4)
  A scorpion (D:4)
  2 wights (D:3)
  Jessica (D:3)
  4 gnolls
  3 adders
  2 dart slugs
  2 bats
  3 endoplasms
  5 giant cockroaches
  6 goblins
  6 hobgoblins
  10 jackals
  3 quokkas
  6 ball pythons
  5 frilled lizards
  7 kobolds
  5 rats
73 creatures vanquished.

Vanquished Creatures (others)
  6 plants (D:1)
6 creatures vanquished.

Grand Total: 79 creatures vanquished

Table legend:
 A = Non-vault XP
 B = Vault XP
 C = Vault XP percentage of total XP
 D = Non-vault monster count
 E = Vault monster count
 F = Vault count percentage of total count
                 A         B        C        D         E       F
            +---------+---------+-------+---------+---------+-------
      Total |     610 |      42 |   6.4 |      69 |       4 |   5.5
            +---------+---------+-------+---------+---------+-------
        D:1 |      40 |       5 |  11.1 |      22 |       3 |  12.0
        D:2 |      21 |       0 |   0.0 |      12 |       0 |   0.0
        D:3 |     161 |      37 |  18.7 |      18 |       1 |   5.3
        D:4 |     388 |       0 |   0.0 |      17 |       0 |   0.0
            +---------+---------+-------+---------+---------+-------

Illustrated notes

Table legend:
 A = Kills in this place as a percentage of kills in entire the game.
 B = Kills by you in this place as a percentage of kills by you in the entire game.
 C = Kills by friends in this place as a percentage of kills by friends in the entire game.
 D = Other kills in this place as a percentage of other kills in the entire game.
 E = Experience gained in this place as a percentage of experience gained in the entire game.
 F = Experience gained in this place divided by the number of levels of this place that you have seen.
                   A       B       C       D       E      F
               +-------+-------+-------+-------+-------+----------------------
         Total | 100.0 | 100.0 |   N/A |   N/A | 100.0 | 130.4
       Dungeon | 100.0 | 100.0 |   N/A |   N/A | 100.0 | 130.4
               +-------+-------+-------+-------+-------+----------------------

Table legend: (Time is in decaauts)
 A = Elapsed time spent in this place.
 B = Non-inter-level travel time spent in this place.
 C = Inter-level travel time spent in this place.
 D = Time resting spent in this place.
 E = Time spent auto-exploring this place.
 F = Levels seen in this place.
 G = Mean time per level.
                   A        B        C        D        E       F      G
               +--------+--------+--------+--------+--------+-----+--------+
         Total |   6538 |   5961 |    577 |   2161 |   2316 |   5 | 1307.6 |
       Dungeon |   6538 |   5961 |    577 |   2161 |   2316 |   5 | 1307.6 |
               +--------+--------+--------+--------+--------+-----+--------+

Top non-repeatable levels by time:
     D:3: 2523 daAuts
     D:4: 1587 daAuts
     D:1: 1292 daAuts
     D:2: 1124 daAuts
     D:5: 10 daAuts
